 Dungeon Crawl Stone Soup version 0.28.0-43-g3370ac3207 (webtiles) character file.

Game seed: 11716244041981858449

5 adizb the Ducker (level 1, -1/12 HPs)
             Began as a Vampire Gladiator on Mar 5, 2022.
             Slain by a kobold
             ... wielding a +0 dagger
              (3 damage)
             ... on level 1 of the Dungeon.
             The game lasted 00:00:59 (74 turns).

adizb the Ducker (Vampire Gladiator)                  Turns: 74, Time: 00:01:00

Health: -1/12      AC:  4    Str: 13    XL:     1   Next: 66%
Magic:  1/1        EV: 12    Int: 10    God:
Gold:   0          SH:  0    Dex: 15    Spells: 0/0 levels left

rFire   . . .      SeeInvis +   a - +0 long sword
rCold   + + .      Faith    .   (no shield)
rNeg    + + +      Spirit   .   b - +0 leather armour
rPois   ∞          Reflect  .   c - +0 helmet
rElec   .          Harm     .   (no cloak)
rCorr   .          Rampage  .   (no gloves)
Will    .....                   (no boots)
Stlth   +++.......              (no amulet)
HPRegen 0.00/turn               (no ring)
MPRegen 0.07/turn               (no ring)

@: bloodless, inhibited regen
A: bloodless, fangs 3, see invisible, vampiric 1
a: Revivify


You were on level 1 of the Dungeon.
You visited 1 branch of the dungeon, and saw 1 of its levels.

Inventory:

Hand Weapons
 a - a +0 long sword (weapon)
Missiles
 d - 3 throwing nets (quivered)
Armour
 b - a +0 leather armour (worn)
 c - a +0 helmet (worn)


   Skills:
 + Level 1.8 Fighting
 * Level 3.1 Long Blades
 - Level 1.5 Throwing
 + Level 0.1 Armour
 * Level 3.4 Dodging
 + Level 0.2 Unarmed Combat


You couldn't memorise any spells.
You didn't know any spells.
Your spell library was empty.

Dungeon Overview and Level Annotations

Branches:
Dungeon (1/15)

Altars:


Innate Abilities, Weirdness & Mutations

You do not regenerate when monsters are visible.
You are frail without blood (-20% HP).
You can heal yourself when you bite living creatures.
You are immune to poison.
You have razor-sharp teeth.
You have supernaturally acute eyesight. (SInv)
You are afflicted with vampirism.


Message History

The kobold hits you but does no damage. The quokka completely misses you.
The kobold barely misses you. The quokka barely misses you.
You closely miss the quokka. The quokka closely misses you.
The kobold hits you but does no damage.
You hit the quokka.
The quokka is moderately wounded.
The quokka bites you. The kobold hits you but does no damage.
You are too injured to fight recklessly!
You are too injured to fight recklessly!
The quokka barely misses you.
A rat comes into view.
You hit the kobold but do no damage. The kobold closely misses you.
You hit the kobold.
The kobold is severely wounded.
The kobold hits you with a +0 dagger. The kobold hits you but does no damage.
You closely miss the kobold.
The kobold is severely wounded.
The kobold hits you but does no damage.
You barely miss the kobold.
The kobold is severely wounded.
The kobold hits you with a +0 dagger.
* * * LOW HITPOINT WARNING * * *
You barely miss the kobold.
The kobold is severely wounded.
The kobold completely misses you.
You barely miss the kobold.
The kobold is severely wounded.
The rat misses you. The kobold hits you with a +0 dagger.
* * * LOW HITPOINT WARNING * * *
The rat bites you but does no damage. The kobold misses you.
You barely miss the kobold.
The kobold is severely wounded.
The rat closely misses you. The kobold barely misses you.
You closely miss the kobold.
The kobold is severely wounded.
The rat misses you. The kobold hits you but does no damage.
You hit the kobold but do no damage.
The kobold is severely wounded.
The rat closely misses you. The kobold hits you with a +0 dagger.
You die...

######....).#.##.#
########.##.#
#..#.# ##.#.#
#...# ##..# #†r#
##K# #@# #r# ...
....# #....#
...... .......
#.......#


You could see a quokka, a kobold and a rat.

Vanquished Creatures
  An endoplasm (D:1)
  A giant cockroach (D:1)
  A goblin (D:1)
  2 rats (D:1)
5 creatures vanquished.

Notes
Turn   | Place    | Note
-------+----------+-------------------------------------------
     0 | D:1      | adizb the Vampire Gladiator began the quest for the Orb.
     0 | D:1      | Reached XP level 1. HP: 16/16 MP: 1/1
    74 | D:1      | Slain by a kobold

Illustrated notes

Levels and vault maps discovered:
D:1:      dpeg_arrival_simpleton_c, layout_basic, ebering_ecumenical_altar_rust,
          chequers_mini_garden

Action                   || total
-------------------------++-------
Melee: Long sword        ||    27
 Abil: Exsanguinate      ||     1
 Stab: Sleeping          ||     1
Armor: Leather armour    ||     9
Dodge: Dodged            ||    23
